Map: Miner Evacuation

Players

tomus

  • Race: Terran Terran
  • Spawn Location: 7:00

NamroodTuo

  • Race: Terran Terran
  • Spawn Location: 7:00

VOD

Have the link to the VOD?

Description

Time

  • Played on: Jan. 22, 2023, 4:55 a.m.
  • Length: 30:20
Show
View Real Time Build Order
Export as new Build Order

tomus Terran 

Build Orders:  

Get SALT Encoding   

  12  0:30  Refinery  
  12  0:38  SCV, Refinery  
  13  0:55  SCV, Supply Depot  
  14  1:12  SCV, Supply Depot  
  15  1:29  SCV  
  16  1:45  Barracks  
  16  2:03  SCV  
  17  2:23  Engineering Bay  
  17  2:28  Barracks Tech Lab  
  17  2:47  Barracks  
  17  3:16  Stabilizer Medpacks  
  17  3:19  Marine  
  17  3:25  Unknown  
  17  3:29  Marine  
  19  3:40  Marine  
  19  3:47  Terran Infantry Weapons Level 1  
  20  3:50  Medic  
  22  4:00  Medic  
  24  4:15  Factory  
  24  4:17  Barracks Reactor  
  24  4:24  Marine  
  25  4:34  Marine  
  26  4:44  Marine  
  27  4:54  Marine  
  28  5:04  Marine  
  26  7:10  Factory Tech Lab  
  26  7:34  Marine x2, Supply Depot  
  28  7:44  Marine x2  
  28  7:45  Siege Tank  
  33  7:54  Marine x2  
  35  8:04  Marine x2  
  35  8:07  Siege Tank, Supply Depot  
  37  8:18  Replenishable Magazine  
  40  8:27  Siege Tank  
  40  8:36  Supply Depot  
  43  8:47  Siege Tank  
  43  8:59  Missile Turret  
  46  9:08  Siege Tank  
  46  9:18  Cerberus Mines  
  49  9:21  Terran Infantry Armor Level 1  
  49  10:18  Advanced Siege Tech  
  49  10:22  Firebat  
  51  10:35  Firebat  
  53  10:47  Marauder  
  53  10:55  Supply Depot  
  55  11:00  Marauder  
  57  11:12  Medic  
  59  12:01  Structure Armor  
  59  12:11  Neosteel Frame  
  59  12:14  Armory  
  59  13:13  Vulture  
  61  13:23  Vulture  
  63  14:26  Missile Turret  
  63  14:45  Terran Infantry Weapons Level 2  
  63  14:54  Terran Vehicle and Ship Weapons Level 1  
  63  15:36  Missile Turret  
  60  17:19  Siege Tank  
  60  17:24  Siege Tank  
  60  17:28  Siege Tank  
  60  17:34  Terran Vehicle And Ship Armor Level 1  
  60  17:55  Terran Infantry Armor Level 2  
  60  18:13  Siege Tank  
  63  19:31  Supply Depot  
  63  19:44  Supply Depot  
  63  20:01  Marine  
  64  20:11  Marine  
  64  20:14  Afterburners  
  65  20:22  Marine  
  65  20:24  Starport  
  66  20:32  Marine  
  67  20:42  Marine  
  68  21:05  Terran Infantry Weapons Level 3  
  68  21:14  Advanced Optics  
  67  25:20  Siege Tank  
  67  25:24  Siege Tank  
  67  25:28  Siege Tank  
  67  25:33  Siege Tank  
  67  26:42  Starport Tech Lab  
  67  26:49  Marine x2  
  67  26:59  Marine x2  
  69  27:09  Marine x2  
  71  27:19  Marine  
  73  27:20  Marine  
  75  27:54  Fusion Core  
Show
View Real Time Build Order
Export as new Build Order

NamroodTuo Terran 

Build Orders:  

Get SALT Encoding   

  12  0:03  SCV  
  13  0:16  SCV  
  14  0:30  SCV  
  14  0:36  Supply Depot  
  15  0:54  Engineering Bay  
  15  1:06  Refinery  
  15  1:10  Refinery  
  15  1:16  SCV  
  16  1:27  Supply Depot  
  16  1:36  SCV  
  17  2:05  Factory  
  17  2:11  SCV  
  18  2:31  SCV  
  19  2:44  SCV  
  20  2:57  Structure Armor  
  20  3:04  Supply Depot  
  20  3:18  Goliath  
  22  3:26  SCV  
  23  3:39  SCV  
  23  3:49  Supply Depot  
  24  3:53  SCV  
  25  4:07  SCV  
  26  4:20  SCV  
  26  4:26  Devastation Turret  
  26  4:28  Hi-Sec Auto Tracking  
  27  4:31  Factory Tech Lab  
  27  4:34  SCV  
  28  4:40  Factory  
  28  4:47  SCV  
  29  5:01  SCV  
  30  5:11  Perdition Turret  
  30  5:14  SCV  
  31  5:36  Perdition Turret  
  31  5:47  Devastation Turret  
  31  5:58  Goliath x2  
  35  6:10  Perdition Turret  
  35  6:27  Perdition Turret  
  34  6:30  Goliath  
  38  6:45  Factory Tech Lab  
  36  6:55  Goliath  
  34  8:03  Devastation Turret  
  34  8:05  Siege Tank  
  34  8:06  Siege Tank  
  40  8:18  SCV  
  41  8:32  SCV  
  41  8:39  Armory  
  42  8:44  Siege Tank  
  42  8:45  SCV  
  42  8:46  Supply Depot  
  43  8:57  Devastation Turret  
  43  8:59  SCV  
  44  9:12  SCV  
  44  9:17  Supply Depot  
  45  9:34  Goliath, Siege Tank  
  50  9:49  Supply Depot  
  50  10:06  Siege Tank  
  53  10:10  Goliath  
  55  10:20  Supply Depot  
  55  10:35  Ares-Class Targeting System  
  55  10:38  Maelstrom Rounds  
  55  10:45  Siege Tank x4  
  55  10:56  Spinning Dizzy  
  55  10:59  Spinning Dizzy  
  55  12:24  SCV  
  56  12:38  SCV  
  57  12:42  Siege Tank x4  
  57  12:51  SCV  
  57  12:52  Upgrade Laser Drill Level 1  
  58  13:00  Terran Vehicle and Ship Weapons Level 1  
  58  13:05  SCV  
  59  13:18  SCV  
  60  13:22  Siege Tank x2  
  60  13:23  Siege Tank x2  
  60  13:45  Siege Tank x4  
  60  14:35  Siege Tank x2  
  60  14:36  Siege Tank  
  56  15:39  Goliath, Siege Tank  
  61  15:40  Terran Vehicle And Ship Armor Level 1  
  61  15:45  SCV  
  62  15:59  SCV  
  63  16:11  Siege Tank  
  63  16:13  SCV  
  63  16:15  Goliath  
  69  16:26  SCV  
  70  16:40  SCV  
  70  16:47  Goliath, Siege Tank  
  76  17:19  Siege Tank  
  79  17:33  Supply Depot  
  79  18:03  Goliath x2  
  79  18:04  Supply Depot  
  79  18:08  Siege Tank x4  
  83  18:20  Terran Vehicle and Ship Weapons Level 2  
  83  18:35  Siege Tank x2  
  83  18:36  Supply Depot  
  85  19:09  Supply Depot  
  85  19:11  Siege Tank  
  88  19:52  Siege Tank x3  
  87  20:03  Siege Tank x3  
  54  21:18  Starport  
  54  21:22  Starport  
  54  21:26  Starport  
  54  21:29  Supply Depot  
  54  21:31  Supply Depot  
  54  21:51  SCV  
  55  22:01  Supply Depot  
  55  22:05  SCV, Supply Depot  
  56  22:18  SCV  
  57  22:23  Starport Tech Lab x2  
  57  22:25  Starport Tech Lab  
  57  22:31  Perdition Turret  
  57  22:32  SCV  
  57  22:39  Upgrade Laser Drill Level 2  
  58  22:45  SCV  
  59  22:52  Pulse Amplifier  
  59  22:54  Improved Nano-Repair  
  59  22:56  Devastation Turret  
  59  22:59  Wraith  
  61  23:00  Wraith x2  
  65  23:25  Spinning Dizzy  
  65  23:39  Wraith  
  67  23:40  Wraith x2  
  71  23:52  Supply Depot  
  71  23:54  Terran Vehicle And Ship Armor Level 2  
  71  24:06  Perdition Turret  
  65  24:14  Perdition Turret  
  65  24:15  Perdition Turret  
  65  24:19  Wraith  
  67  24:20  Wraith x2  
  67  24:23  Supply Depot  
  71  24:55  Supply Depot  
  71  24:59  Wraith  
  73  25:00  Wraith x2  
  73  25:05  Siege Tank x3  
  73  25:06  Siege Tank x3  
  77  25:27  Supply Depot  
  77  25:39  Wraith  
  155  25:40  Wraith x2  
  83  26:15  Siege Tank x6  
  83  26:19  Wraith  
  85  26:57  Siege Tank x4  
  79  27:34  Perdition Turret  
  79  27:40  Perdition Turret  
  79  27:41  Perdition Turret  
  67  30:06  Supply Depot  
  67  30:14  Devastation Turret  
Tags
 
Commander
RaynorSwann
Matchup
Co-op
Replay Pack
Multiplayer
Add a new tag
Caveats
  • Supply blocks, unpowered buildings, or Contaminate may cause inaccurate times.
  • Supply counts are checked every 10 seconds.